 Dungeon Crawl Stone Soup version 0.31-a0-659-gc5a091b79a (webtiles) character file.

Game seed: 2576002593738316179

60 MacCMillion the Shield-Bearer (level 4, -6/38 HPs)
             Began as a Ghoul Fighter on Aug 31, 2023.
             Killed from afar by an orc wizard (11 damage)
             ... with a puff of flame
             ... on level 2 of the Dungeon.
             The game lasted 00:02:59 (1433 turns).

MacCMillion the Shield-Bearer (Ghoul Fighter)       Turns: 1433, Time: 00:03:00

Health: -6/38      AC:  6    Str: 21    XL:     4   Next: 6%
Magic:  3/3        EV:  9    Int:  3    God:
Gold:   96         SH:  4    Dex:  8    Spells: 3/3 levels left

rFire   . . .        a - +0 war axe
rCold   + . .        c - +0 buckler
rNeg    + + +        b - +0 scale mail
rPois   ∞            (no helmet)
rElec   .            (no cloak)
rCorr   .            (no gloves)
SInv    .            (no boots)
Will    .....        (no amulet) Stlth
                     (no ring)
HPRegen 0.00/turn    (no ring)
MPRegen 0.08/turn

%: no passive effects
@: inhibited regen
A: claws 1, cold resistance 1, negative energy resistance 3, inhibited
regeneration, torment resistance 2, devour on kill
a: no special abilities


You were on level 2 of the Dungeon.
You visited 1 branch of the dungeon, and saw 3 of its levels.

You collected 96 gold pieces.

Inventory:

Hand Weapons
 a - a +0 war axe (weapon)
Armour
 b - a +0 scale mail (worn)
 c - a +0 buckler (worn)
Jewellery
 f - an amulet of faith
Scrolls
 e - a scroll of amnesia {unknown}
 g - a scroll of enchant armour {unknown}
 h - a scroll of identify {unknown}
 i - 2 scrolls of noise {unknown}
 j - a scroll of enchant weapon {unknown}
Potions
 d - 2 potions of might


   Skills:
 - Level 3.2 Fighting
 + Level 3.0 Axes
 - Level 2.6 Armour
 + Level 3.6 Shields


You had 3 spell levels left.
You didn't know any spells.
Your spell library contained the following spells:

 Spells                   Type           Power      Damage    Failure   Level
 Slow                     Hex            0%         N/A       91%         1
 Confusing Touch          Hex            0%         N/A       99%         3
 Vampiric Draining        Necr           0%         2d6       99%         3


Dungeon Overview and Level Annotations

Branches:
Dungeon (3/15)

Altars:
Uskayaw

Shops:
D:1 :

Annotations:
D:2 Sigmund


Innate Abilities, Weirdness & Mutations

You are immune to poison.
You have sharp fingernails.
Your flesh is cold resistant. (rC+)
You are immune to negative energy. (rN+++)
You do not regenerate when monsters are visible.
You are immune to unholy pain and torment.
You thrive by killing the living.


Message History

You hit the orc wizard. The orc hits you but does no damage.
The orc wizard closely misses you.
You slash the orc!
You kill the orc!
You hit the orc wizard.
The orc wizard hits you with a +0 dagger.
Your Axes skill increases to level 3!
You closely miss the orc wizard.
The orc wizard is severely wounded.
The orc wizard gestures at you while chanting.
The puff of flame hits you!
The orc wizard hits you but does no damage.
You barely miss the orc wizard.
The orc wizard is severely wounded.
The orc wizard gestures at you while chanting.
The puff of flame hits you!
* * * LOW HITPOINT WARNING * * *
You are too injured to fight recklessly!
You are too injured to fight recklessly!
You barely miss the orc wizard.
The orc wizard is severely wounded.
The orc wizard hits you but does no damage. x2
You barely miss the orc wizard.
The orc wizard is severely wounded.
The orc wizard hits you but does no damage.
You hit the orc wizard.
The orc wizard is severely wounded.
The orc wizard mumbles some strange words.
The orc wizard flickers and vanishes!
Deactivating autopickup; reactivate with Ctrl-A.
Something hits you but does no damage.
You closely miss something. Something hits you.
* * * LOW HITPOINT WARNING * * *
You closely miss something. Something hits you.
* * * LOW HITPOINT WARNING * * *
You hit something but do no damage.
You hear some strange, mumbled words.
A puff of flame appears from out of thin air!
The puff of flame hits you!
You die...

#...$....
#........
#.......?
#........
#........ ####
#........ ....
####.{......
## #..)@# ..
### ##.###
#.#######.. #
#....#!....
##.#...##.#
.###.........#
..........@...
...........#..
###...@######
.###....#####.


There were no monsters in sight!

Vanquished Creatures
  2 adders (D:2)
  A white imp (D:3)
  4 worms
  2 orcs
  A ball python (D:3)
  A bat (D:2)
  An endoplasm (D:3)
  A goblin (D:1)
  4 hobgoblins
  A frilled lizard (D:2)
  4 kobolds
  2 rats (D:2)
24 creatures vanquished.

Notes
Turn   | Place    | Note
-------+----------+-------------------------------------------
     0 | D:1      | MacCMillion the Ghoul Fighter began the quest for the Orb.
     0 | D:1      | Reached XP level 1. HP: 19/19 MP: 0/0
   275 | D:1      | Found Paiheuddaa's Book Shop.
   782 | D:2      | Reached XP level 2. HP: 26/26 MP: 1/1
   805 | D:2      | Noticed Sigmund
  1038 | D:2      | Reached XP level 3. HP: 20/31 MP: 2/2
  1419 | D:3      | Reached XP level 4. HP: 38/38 MP: 3/3
  1419 | D:3      | Found a hide-covered altar of Uskayaw.
  1433 | D:2      | Killed from afar by an orc wizard

Illustrated notes

Levels and vault maps discovered:
D:1:      elethiomel_arrival_maze, layout_basic, serial_shops,
          nicolae_shop_real_fake_doors
D:2:      layout_rooms, kennysheep_generic_room_12, uniq_sigmund
D:3:      layout_loops_corners, mainiacjoe_overflow_boulevard,
          marbit_many_paths, hex_tiny

Skill      XL: |  1  2  3  4 |
---------------+-------------+-----
Axes           | 2 3 |  3.0
Shields        | 3 |  3.6
Fighting       | |  3.2
Armour         | |  2.6

Action                     |  1- 3 |  4- 6 || total
---------------------------+-------+-------++-------
  Melee: War axe           |    92 |    12 ||   104
 Armour: Scale mail        |    57 |    18 ||    75
  Dodge: Dodged            |    39 |     3 ||    42
  Block: Buckler           |    16 |     1 ||    17

Table legend: (Time is in decaauts)
 A = Elapsed time spent in this place.
 B = Non-inter-level travel time spent in this place.
 C = Inter-level travel time spent in this place.
 D = Time resting spent in this place.
 E = Time spent auto-exploring this place.
 F = Levels seen in this place.
 G = Mean time per level.
                   A        B        C        D        E       F      G
               +--------+--------+--------+--------+--------+-----+--------+
         Total |   1475 |   1439 |     36 |    133 |   1000 |   3 |  491.7 |
       Dungeon |   1475 |   1439 |     36 |    133 |   1000 |   3 |  491.7 |
               +--------+--------+--------+--------+--------+-----+--------+

Top non-repeatable levels by time:
     D:1: 879 daAuts
     D:2: 376 daAuts
     D:3: 219 daAuts
